 Dungeon Crawl Stone Soup version 0.21.1-1-g345015fe64 (webtiles) character file.

140 Mrkan the Shield-Bearer (level 5, 0/42 HPs)
             Began as a Formicid Fighter on May 6, 2018.
             Slain by Grinder (3 damage)
             ... on level 3 of the Dungeon.
             The game lasted 00:03:26 (2125 turns).

Mrkan the Shield-Bearer (Formicid Fighter)          Turns: 2125, Time: 00:03:27

Health: 0/42       AC:  6    Str: 22    XL:     5   Next: 46%
Magic:  5/5        EV:  8    Int:  7    God:
Gold:   88         SH: 10    Dex: 10    Spells: 4/4 levels left

rFire    . . .     SeeInvis +   a - +0 flail
rCold    . . .     Gourm    .   c - +0 shield
rNeg     . . .     Faith    .   b - +0 scale mail
rPois    .         Spirit   .   (helmet unavailable)
rElec    .         Reflect  .   (no cloak)
rCorr    .         Harm     .   (no gloves)
MR       .....                  (no boots)
Stlth    ..........             (no amulet)
HPRegen  0.14/turn              (no ring)
MPRegen  0.09/turn              (no ring)

@: no status effects
A: permanent stasis, dig shafts and tunnels, four strong arms, antennae 3
a: Dig, Shaft Self


You were on level 3 of the Dungeon.
You were not hungry.

You visited 1 branch of the dungeon, and saw 3 of its levels.

You collected 88 gold pieces.

Inventory:

Hand Weapons
 a - a +0 flail (weapon)
Armour
 b - a +0 scale mail (worn)
 c - a +0 shield (worn)
 j - a +0 pair of gloves
Jewellery
 n - an uncursed ring of resist corrosion {unknown}
 o - a +3 ring of strength {unknown}
 q - an uncursed amulet of faith {unknown}
Scrolls
 i - 2 scrolls of teleportation {unknown}
 k - 2 scrolls of noise {unknown}
 l - a scroll of magic mapping {unknown}
 m - a scroll of remove curse {unknown}
 p - 2 scrolls of identify {unknown}
Potions
 d - a potion of might
 e - a potion of resistance {unknown}
 g - 2 potions of curing {unknown}
 r - a potion of invisibility {unknown}
 s - a potion of mutation {unknown}
Comestibles
 f - 4 rations


   Skills:
 + Level 4.2 Fighting
 * Level 3.7 Maces & Flails
 - Level 3.4 Armour
 + Level 4.7 Shields


You had 4 spell levels left.
You didn't know any spells.

Dungeon Overview and Level Annotations

Branches:
Dungeon (3/15)

Altars:

Annotations:
D:3 Grinder


Innate Abilities, Weirdness & Mutations

You cannot be hasted, slowed, berserked, paralysed or teleported.
You can dig through walls and to a lower floor.
Your four strong arms can wield two-handed weapons with a shield.
You have a pair of large antennae on your head. (SInv)


Message History

Pain shoots through your body!
* * * LOW HITPOINT WARNING * * *
You closely miss Grinder.
Grinder is moderately wounded.
You block Grinder's attack.
You thump Grinder!
Grinder is severely wounded.
You block Grinder's attack.
You hit Grinder.
Grinder is almost dead.
Grinder closely misses you.
You closely miss Grinder.
Grinder is severely wounded.
You block Grinder's attack.
You closely miss Grinder.
Grinder is severely wounded.
Grinder hits you.
* * * LOW HITPOINT WARNING * * *
Grinder hits you.
You die...

.....############....####........
###.## #.........#.##... #.#
#....####...##... #.#
#..(.##...######. #.#
#.......#.###.(.. #.#
##.##..###.#.....( #.#
##......###.#.#...< #.#
##........#....#.... ###.####
#.5@.........###.... ..#....##
#...........#.# #.... ........##
#............#.# #.... .........#
#.....)........# #.... .........#
####......../### ##... .........#
##.......## ##.. ........##
.........# ### ..##...##
#.........# ########


You could see Grinder.

Vanquished Creatures
  An orc priest (D:3)
  5 adders
  An ooze (D:2)
  A worm (D:3)
  2 dart slugs
  A leopard gecko (D:2)
  2 orcs (D:3)
  A ball python (D:3)
  10 goblins
  8 hobgoblins
  5 bats
  A frilled lizard (D:2)
  6 kobolds
  9 rats
53 creatures vanquished.

Notes
Turn   | Place    | Note
-------+----------+-------------------------------------------
     0 | D:1      | Mrkan the Formicid Fighter began the quest for the Orb.
     0 | D:1      | Reached XP level 1. HP: 18/18 MP: 1/1
   288 | D:1      | Reached XP level 2. HP: 24/24 MP: 2/2
   687 | D:2      | Reached XP level 3. HP: 29/29 MP: 3/3
   952 | D:2      | Reached XP level 4. HP: 31/37 MP: 4/4
  1766 | D:3      | Reached XP level 5. HP: 36/42 MP: 5/5
  2102 | D:3      | Noticed Grinder
  2125 | D:3      | Slain by Grinder

Skill      XL: |  1  2  3  4 |
---------------+-------------+-----
Shields        | 4 |  4.7
Maces & Flails | 3 |  3.7
Fighting       | 4 |  4.2
Armour         | |  3.4

Action                   |  1- 3 |  4- 6 || total
-------------------------+-------+-------++-------
Melee: Flail             |    61 |   133 ||   194
  Eat: Chunk             |       |     4 ||     4
Armor: Scale mail        |    27 |    58 ||    85
Dodge: Dodged            |    20 |    41 ||    61
Block: Shield            |    35 |    80 ||   115
